 Dungeon Crawl Stone Soup version 0.30-a0-924-g0ad0bf95bc (webtiles) character file.

Game seed: 17590124651971358650

40 12sPaWn12 the Trooper (level 3, -1/40 HPs)
             Began as an Ogre Berserker on Mar 23, 2023.
             Was a Believer of Trog.
             Slain by a kobold
             ... wielding a +0 short sword
              (4 damage)
             ... on level 2 of the Dungeon.
             The game lasted 00:01:13 (904 turns).

12sPaWn12 the Trooper (Ogre Berserker)               Turns: 904, Time: 00:01:14

Health: -1/40      AC:  3    Str: 23    XL:     3   Next: 50%
Magic:  3/3        EV: 10    Int:  8    God:    Trog [**....]
Gold:   52         SH:  0    Dex:  8    Spells: 2/2 levels left

rFire   . . .      SeeInvis .    a - +0 mace
rCold   . . .      Faith    .    (no shield)
rNeg    . . .      Spirit   .    b - +0 animal skin
rPois   .          Reflect  .    (helmet restricted)
rElec   .          Rampage  .    (no cloak)
rCorr   .                        (gloves unavailable)
Will    .....                    (boots unavailable)
Stlth   +                        (no amulet)
HPRegen 0.26/turn                (no ring)
MPRegen 0.08/turn                (no ring)

@: attractive
A: large, unfitting armour, tough skin 1
a: Renounce Religion, Berserk, Trog's Hand


You were on level 2 of the Dungeon.
You worshipped Trog.
Trog was pleased with you.
You visited 1 branch of the dungeon, and saw 2 of its levels.

You collected 52 gold pieces.

Inventory:

Hand Weapons
 a - a +0 mace (weapon)
Armour
 b - a +0 animal skin (worn)
Jewellery
 e - an amulet of guardian spirit
Wands
 j - a wand of paralysis (11)
Scrolls
 c - a scroll of enchant armour {unknown}
 d - a scroll of immolation {unknown}
 f - a scroll of fear {unknown}
 i - a scroll of teleportation {unknown}
Potions
 h - a potion of cancellation {unknown}


   Skills:
 * Level 4.6 Fighting
 * Level 3.2 Maces & Flails
 * Level 0.4 Armour
 * Level 3.1 Dodging


You had 2 spell levels left.
You didn't know any spells.
Your spell library was empty.

Dungeon Overview and Level Annotations

Branches:
Dungeon (2/15)

Altars:


Innate Abilities, Weirdness & Mutations

You are too large for most types of armour.
You have tough skin. (AC +1)


Message History

Something hits you. The gnoll closely misses you.
You barely miss something. The kobold hits you but does no damage.
The gnoll hits you from afar with a +0 spear.
Something hits you.
You hit something.
The kobold hits you with a +0 short sword.
The gnoll closely misses you. Something hits you but does no damage.
You hit something. Trog accepts your kill.
Reactivating autopickup.
You feel a bit more experienced.
The kobold hits you with a +0 short sword.
The gnoll closely misses you. The kobold attacks as you move away!
The kobold closely misses you. The gnoll hits you with a +0 spear.
You closely miss the gnoll. The kobold hits you but does no damage.
The gnoll hits you with a +0 spear. The kobold barely misses you.
The gnoll hits you with a +0 spear.
* * * LOW HITPOINT WARNING * * *
You sock the gnoll!
The gnoll is heavily wounded.
The kobold hits you but does no damage. The gnoll hits you with a +0 spear.
* * * LOW HITPOINT WARNING * * *
You hit the gnoll.
The gnoll is severely wounded.
The kobold hits you with a +0 short sword.
* * * LOW HITPOINT WARNING * * *
The gnoll hits you with a +0 spear.
* * * LOW HITPOINT WARNING * * *
A ball python comes into view.
It was a potion of attraction.
You feel attractive to monsters.
The kobold hits you with a +0 short sword.
* * * LOW HITPOINT WARNING * * *
The gnoll misses you.
The ball python is attracted toward you.
You closely miss the kobold.
The ball python hisses angrily.
The kobold hits you with a +0 short sword.
You die...

... ..g ... .ยง.
####.#### ......S.#
.# #.....####.###..
.... #gg@K[.#...# ##
#... #.###.......
..##... #.###..#.###
#...... #..........#
#..(#..
#..........#........
##..................
#.....##... #...
#.....###.. ##..#
#......## ##...#


You could see 2 gnolls, a ball python and a kobold.

Vanquished Creatures
  An adder (D:2)
  4 ball pythons
  6 bats (D:1)
  2 goblins (D:1)
  4 hobgoblins
  2 jackals (D:1)
  4 kobolds
  2 quokkas
  2 frilled lizards (D:1)
  2 rats (D:1)
29 creatures vanquished.

Vanquished Creatures (others)
  2 plants (D:2)
2 creatures vanquished.

Grand Total: 31 creatures vanquished

Notes
Turn   | Place    | Note
-------+----------+-------------------------------------------
     0 | D:1      | 12sPaWn12 the Ogre Berserker began the quest for the Orb.
     0 | D:1      | Reached XP level 1. HP: 24/24 MP: 1/1
    65 | D:1      | Reached XP level 2. HP: 24/32 MP: 2/2
   287 | D:1      | Reached ** piety under Trog
   441 | D:1      | Reached XP level 3. HP: 40/40 MP: 3/3
   904 | D:2      | Slain by a kobold

Illustrated notes

Levels and vault maps discovered:
D:1:      lightli_molten_gateway, layout_basic
D:2:      layout_rooms, minivault_19, chequers_big_river, nrook_uturn

Skill      XL: |  1  2 |
---------------+-------+-----
Maces & Flails | 3 |  3.2
Dodging        | 3 |  3.1
Fighting       | |  4.6
Armour         | |  0.4

Action                     || total
---------------------------++-------
  Melee: Mace              ||    86
    Use: Potion            ||     1
 Armour: Animal skin       ||    36
  Dodge: Dodged            ||    46

Table legend: (Time is in decaauts)
 A = Elapsed time spent in this place.
 B = Non-inter-level travel time spent in this place.
 C = Inter-level travel time spent in this place.
 D = Time resting spent in this place.
 E = Time spent auto-exploring this place.
 F = Levels seen in this place.
 G = Mean time per level.
                   A        B        C        D        E       F      G
               +--------+--------+--------+--------+--------+-----+--------+
         Total |    925 |    888 |     37 |      0 |    697 |   2 |  462.5 |
       Dungeon |    925 |    888 |     37 |      0 |    697 |   2 |  462.5 |
               +--------+--------+--------+--------+--------+-----+--------+

Top non-repeatable levels by time:
     D:1: 738 daAuts
     D:2: 186 daAuts
